 Dungeon Crawl Stone Soup version 0.29-a0-732-g3d7fbe0af2 (webtiles) character file.

Game seed: 5586946210690359563

4354 wingedge the Cleaver (level 10, -3/90 HPs)
             Began as a Hill Orc Fighter on June 29, 2022.
             Slain by a nine-headed hydra (5 damage)
             ... on level 7 of the Dungeon.
             The game lasted 00:53:09 (8461 turns).

wingedge the Cleaver (Hill Orc Fighter)             Turns: 8461, Time: 00:53:09

Health: -3/90      AC: 17    Str: 27    XL:     10   Next: 34%
Magic:  14/14      EV:  3    Int:  8    God:
Gold:   417        SH: 13    Dex: 16    Spells: 9/9 levels left

rFire   . . .      SeeInvis +   a - +1 war axe (freeze)
rCold   . . .      Faith    .   r - +0 tower shield
rNeg    . . .      Spirit   .   D - +0 plate armour
rPois   .          Reflect  .   (no helmet)
rElec   .          Harm     .   t - +0 cloak
rCorr   .          Rampage  .   (no gloves)
Will    +....                   n - +1 pair of boots
Stlth   ..........              (no amulet)
HPRegen 0.25/turn               x - +6 ring of dexterity
MPRegen 0.14/turn               w - ring of Dishonesty {Will+ Str+3 SInv}

@: hasted, very quick
A: no striking features
a: no special abilities


You were on level 7 of the Dungeon.
You visited 2 branches of the dungeon, and saw 9 of its levels.
You also visited: Ossuary.

You collected 417 gold pieces.

Inventory:

Hand Weapons
 a - a +1 war axe of freezing (weapon)
 b - a +0 shortbow
Missiles
 d - 6 poisoned darts (quivered)
 C - 3 boomerangs
Armour
 l - an orb of mayhem
 n - a +1 pair of boots (worn)
 r - a +0 tower shield (worn)
 t - a +0 cloak (worn)
 D - a +0 plate armour (worn)
Jewellery
 k - a ring of protection from cold
 o - the ring of Facial {rC+ Stlth+}
   (You found it on level 7 of the Dungeon)

   [ring of protection from cold]

   rC:        It protects you from cold.
   Stlth:     It makes you more stealthy.
 v - a ring of willpower
 w - the ring of Dishonesty (right hand) {Will+ Str+3 SInv}
   (You found it on level 4 of the Dungeon)

   [ring of see invisible]

   Str:       It affects your strength (+3).
   SInv:      It lets you see invisible.
   Will:      It increases your willpower.
 x - a +6 ring of dexterity (left hand)
Scrolls
 e - 4 scrolls of immolation
 m - 2 scrolls of silence
Potions
 c - 2 potions of lignification
 g - 3 potions of mutation
 j - a potion of curing
 p - a potion of magic
 q - 2 potions of flight
 u - 2 potions of haste


   Skills:
 + Level 8.8 Fighting
 * Level 12.5 Axes
 + Level 8.1 Armour
 + Level 3.5 Shields
 - Level 6.4 Invocations
 - Level 3.0 Evocations


You had 9 spell levels left.
You didn't know any spells.
Your spell library contained the following spells:

 Spells                   Type           Power      Damage    Failure   Level
 Ensorcelled Hibernation  Hex/Ice        0%         N/A       100%        2
 Passwall                 Tmut/Erth      0%         N/A       100%        2
 Scorch                   Fire           0%         2d5       100%        2
 Ozocubu's Armour         Ice            0%         N/A       100%        3
 Spider Form              Tmut/Pois      0%         N/A       100%        3
 Swiftness                Air            0%         N/A       100%        3
 Anguish                  Hex/Necr       0%         N/A       100%        4
 Flame Wave               Conj/Fire      0%         2d4       100%        4
 Summon Cactus Giant      Summ           0%         N/A       100%        6
 Ozocubu's Refrigeration  Ice            0%         4d5       100%        7


Dungeon Overview and Level Annotations

Branches:
Dungeon (8/15)             Temple (1/1) D:5         Ossuary (visited)
   Lair: D:8-11

Altars:
Ashenzari
Cheibriados
Dithmenos
Gozag
Hepliaklqana
Kikubaaqudgha
Makhleb
Nemelex Xobeh
Okawaru
Ru
Sif Muna
Vehumet
Xom
Yredelemnul
Zin
The Shining One

Shops:
D:6 :


Message History

The nine-headed hydra seems to slow down.
You freeze the nine-headed hydra.
The nine-headed hydra is moderately wounded.
You block the nine-headed hydra's attack.
The nine-headed hydra bites you but does no damage. x2
You block the nine-headed hydra's attack.
The nine-headed hydra bites you!
The nine-headed hydra bites you but does no damage.
The nine-headed hydra bites you. The nine-headed hydra bites you!
* * * LOW HITPOINT WARNING * * *
You block the nine-headed hydra's attack.
Okay, then.
Press: ? - help, v - describe, . - travel
Here: a nine-headed hydra (black smoke, moderately wounded, slow)
The floor, spattered with blood.
You feel better.
The nine-headed hydra bites you but does no damage.
You block the nine-headed hydra's attack.
The nine-headed hydra bites you. x2
* * * LOW HITPOINT WARNING * * *
The nine-headed hydra bites you.
* * * LOW HITPOINT WARNING * * *
The nine-headed hydra bites you but does no damage.
The nine-headed hydra bites you!
* * * LOW HITPOINT WARNING * * *
You block the nine-headed hydra's attack. x2
You feel better.
You hit the nine-headed hydra. You freeze the nine-headed hydra.
The nine-headed hydra is moderately wounded.
You block the nine-headed hydra's attack.
The nine-headed hydra bites you but does no damage.
The nine-headed hydra bites you.
* * * LOW HITPOINT WARNING * * *
The nine-headed hydra bites you but does no damage.
You block the nine-headed hydra's attack. x2
The nine-headed hydra bites you but does no damage.
The nine-headed hydra bites you!
* * * LOW HITPOINT WARNING * * *
The nine-headed hydra bites you.
You die...

#.........##
##..###.## #...#
.....##....#####..##
##D## ##...
....######D...D...#
##.# ###. ##..#
########## #.# ##
##..# #.# # ##..# #.#
# ##..# ##### ####
#.## ## ##..##
##...#####§§## #.D##
##.
###..###.####.§§@D§.#
#...####.. # ##....##
#####§§.# ##........
###.## ##§.#
###...... ### ##...#
####... ##....# ##..
###########....##
###..
#####............###
########....
...........(...D##
#.......D..#
#######..........#
#..#########


You could see a nine-headed hydra (slow).

Vanquished Creatures
  A cyclops (D:7)
  A manticore (D:7)
  A komodo dragon (D:7)
  A kobold demonologist (D:7)
  A troll (D:7)
  A wraith (D:7)
  A wyvern (D:8)
  A vampire mosquito (D:7)
  2 water moccasins
  Duvessa (D:4)
  2 ice beasts
  An orc warrior (D:6)
  2 black bears (D:7)
  A sky beast (D:6)
  2 ogres (D:7)
  A centaur (D:7)
  A phantom (D:4)
  A kobold brigand (D:8)
  2 bullfrogs
  2 necrophages
  3 scorpions
  Dowan (D:4)
  4 centaur zombies (Ossuary)
  A jelly (D:5)
  2 hounds
  A human zombie (Ossuary)
  2 gnoll shamans
  4 iguanas
  2 orc wizards (D:4)
  2 mummies (Ossuary)
  8 gnolls
  11 adders
  An adder zombie (Ossuary)
  An adder skeleton (D:2)
  A worm (D:2)
  10 orcs
  A bat skeleton (D:2)
  A bat zombie (D:2)
  2 endoplasms
  2 giant cockroaches (D:2)
  4 goblins
  6 hobgoblins
  7 jackals
  11 kobolds
  4 quokkas
  4 ball pythons
  A ball python zombie (D:2)
  3 bats
  A frilled lizard (D:3)
  2 goblin zombies (Ossuary)
  9 hobgoblin zombies (Ossuary)
  11 kobold zombies (Ossuary)
  7 orc zombies (Ossuary)
  5 rats
  2 rat zombies (Ossuary)
163 creatures vanquished.

Notes
Turn   | Place    | Note
-------+----------+-------------------------------------------
     0 | D:1      | wingedge the Hill Orc Fighter began the quest for the Orb.
     0 | D:1      | Reached XP level 1. HP: 19/19 MP: 1/1
    93 | D:1      | Reached skill level 3 in Axes
   133 | D:1      | Reached XP level 2. HP: 21/27 MP: 2/2
   732 | D:2      | Reached XP level 3. HP: 30/33 MP: 3/3
  1234 | D:2      | Reached skill level 4 in Axes
  1569 | D:3      | Reached XP level 4. HP: 40/40 MP: 4/4
  2057 | D:4      | Reached skill level 1 in Invocations
  2357 | D:4      | Reached skill level 5 in Axes
  2357 | D:4      | Reached XP level 5. HP: 39/47 MP: 4/6
  2357 | D:4      | Noticed a phantom
  2366 | D:4      | Killed a phantom
  2561 | D:4      | Reached XP level 6. HP: 48/55 MP: 7/7
  2953 | D:4      | Noticed Dowan
  2980 | D:4      | Killed Dowan
  2981 | D:4      | Reached skill level 5 in Fighting
  2981 | D:4      | Reached skill level 6 in Axes
  3058 | D:4      | Noticed Duvessa
  3289 | D:5      | Entered Level 5 of the Dungeon
  3409 | D:5      | Found a sacrificial altar of Ru.
  3422 | D:5      | Reached XP level 7. HP: 52/61 MP: 9/9
  3695 | D:5      | Found a staircase to the Ecumenical Temple.
  3756 | Temple   | Entered the Ecumenical Temple
  4206 | D:5      | Reached skill level 7 in Axes
  4206 | D:5      | Reached skill level 5 in Armour
  4672 | D:4      | Killed Duvessa
  4856 | D:4      | Identified the ring of Dishonesty {Will+ Str+3 SInv}
  5191 | D:6      | Found Giny's Self-Improvement Boutique.
  5202 | D:6      | Reached skill level 8 in Axes
  5202 | D:6      | Reached XP level 8. HP: 63/70 MP: 11/11
  5473 | D:6      | Reached skill level 5 in Invocations
  5556 | D:6      | Reached skill level 9 in Axes
  6290 | D:7      | Noticed a brown ugly thing
  6290 | D:7      | Noticed a purple ugly thing
  6290 | D:7      | Noticed a wraith
  6290 | D:7      | Noticed a four-headed hydra
  6290 | D:7      | Noticed a troll
  6290 | D:7      | Noticed a cyclops
  6291 | D:7      | Noticed a komodo dragon
  6292 | D:7      | Identified the ring of Facial {rC+ Stlth+}
  6328 | D:8      | Noticed a wyvern
  6341 | D:8      | Killed a wyvern
  6342 | D:8      | Reached XP level 9. HP: 47/79 MP: 13/13
  6505 | D:8      | Reached skill level 10 in Axes
  6509 | D:8      | Found a sand-covered staircase.
  6518 | Ossuary  | Entered an ossuary
  6943 | D:7      | Reached skill level 1 in Evocations
  6971 | D:7      | Noticed a manticore
  7010 | D:7      | Killed a manticore
  7011 | D:7      | Reached skill level 11 in Axes
  7198 | D:7      | Killed a troll
  7321 | D:7      | Identified the +1 ring mail "Soawe" {SInv}
  7357 | D:7      | Noticed a kobold demonologist
  7362 | D:7      | Killed a kobold demonologist
  7363 | D:7      | Reached XP level 10. HP: 86/89 MP: 14/14
  7377 | D:7      | Killed a cyclops
  7378 | D:7      | Reached skill level 12 in Axes
  8461 | D:7      | HP: 2/90 [nine-headed hydra (11)]
  8461 | D:7      | Slain by a nine-headed hydra

Illustrated notes

Levels and vault maps discovered:
D:1:      lightli_arrival_noodles, layout_rooms, minmay_misc_feat_x,
          minmay_misc_feat_enclosed
D:2:      layout_basic, serial_undead, serial_undead_f, serial_undead_e,
          serial_undead_d, serial_undead_d, minmay_misc_feat_diagonals
D:3:      layout_loops_ring
D:4:      minmay_wonky_spiral, layout_loops_cross, kennysheep_pointless_box,
          glass_columns_a, kennysheep_generic_room_10, uniq_duvessa
D:5:      layout_loops_cross, lemuel_tele_altar,
          minmay_temple_entry_stoned_glass
D:6:      layout_basic, nicolae_shop_self_help
D:7:      minmay_the_grid_octo_triangle [minmay_the_grid_octo_77,
          minmay_the_grid_octo_prize_big_c,
          minmay_the_grid_octo_tetromino_candy], layout_layer_cave
D:8:      wander_river, layout_basic, chequers_temple_overflow_minitemple,
          enter_ossuary_5, uniq_amaemon
Temple:   eino_wide_crystal_templ

Skill      XL: |  1  2  3  4  5  6  7  8  9 10 |
---------------+-------------------------------+-----
Axes           | 3 4 5 6 8 9 11 12 | 12.5
Fighting       | 4 5 6 7 8 |  8.8
Armour         | 4 5 6 7 8 |  8.1
Invocations    | 1 2 3 4 6 |  6.4
Evocations     | 2 3 |  3.0
Shields        | |  3.5

Action                   |  1- 3 |  4- 6 |  7- 9 | 10-12 || total
-------------------------+-------+-------+-------+-------++-------
Melee: War axe           |    98 |   140 |   290 |    30 ||   558
Throw: Dart              |       |     3 |     8 |     1 ||    12
Evoke: Wand              |       |       |     6 |     3 ||     9
  Use: Scroll            |       |     6 |     9 |     6 ||    21
       Potion            |       |     3 |       |     5 ||     8
 Stab: Fleeing           |       |       |       |     1 ||     1
Armor: Scale mail        |    43 |    10 |       |       ||    53
       Chain mail        |       |    71 |    52 |       ||   123
       Plate armour      |       |       |   132 |    46 ||   178
Dodge: Dodged            |    35 |    22 |    51 |     7 ||   115
Block: Buckler           |    26 |     6 |       |       ||    32
       Tower shield      |    11 |   103 |   207 |    52 ||   373

Table legend: (Time is in decaauts)
 A = Elapsed time spent in this place.
 B = Non-inter-level travel time spent in this place.
 C = Inter-level travel time spent in this place.
 D = Time resting spent in this place.
 E = Time spent auto-exploring this place.
 F = Levels seen in this place.
 G = Mean time per level.
                   A        B        C        D        E       F      G
               +--------+--------+--------+--------+--------+-----+--------+
         Total |   8712 |   8098 |    614 |   2347 |   2544 |  10 |  871.2 |
       Dungeon |   8319 |   7726 |    593 |   2294 |   2504 |   8 | 1039.9 |
        Temple |     72 |     51 |     21 |      0 |     40 |   1 |   72.0 |
       Ossuary |    319 |    319 |      0 |     53 |      0 |   1 |  319.0 |
               +--------+--------+--------+--------+--------+-----+--------+

Top non-repeatable levels by time:
     D:7: 2037 daAuts
     D:4: 1311 daAuts
     D:5: 1274 daAuts
     D:3: 1101 daAuts
     D:6: 1074 daAuts
     D:2: 752 daAuts
     D:1: 544 daAuts
 Ossuary: 319 daAuts
     D:8: 224 daAuts
  Temple: 72 daAuts
